 Dungeon Crawl Stone Soup version 0.31-a0-691-g409c26aa35 (webtiles) character file.

Game seed: 10352214376520807025

24 Xavori the Trooper (level 3, 0/26 HPs)
             Began as an Octopode Chaos Knight on Sept 7, 2023.
             Was a Plaything of Xom.
             Killed from afar by a lindwurm (glowing shapeshifter) (25 damage)
             ... with a blast of flame
             ... on level 1 of the Dungeon.
             The game lasted 00:00:20 (315 turns).

Xavori the Trooper (Octopode Chaos Knight)           Turns: 315, Time: 00:00:21

Health: 0/26       AC:  1    Str: 11    XL:     3   Next: 2%
Magic:  3/3        EV: 13    Int: 14    God:    Xom [...*..]
Gold:   52         SH:  0    Dex: 13    Spells: 2/2 levels left

rFire   . . .        a - +0 short sword (chaos)
rCold   . . .        (no shield)
rNeg    . . .        (helmet restricted)
rPois   .            (no amulet)
rElec   .            (no ring)
rCorr   .            (no ring)
SInv    .            (no ring)
Will    .....        (no ring)
Stlth   ++           (no ring)
HPRegen 0.24/turn    (no ring)
MPRegen 0.08/turn    (no ring)
                     (no ring)

%: no passive effects
@: invisible
A: almost no armour, amphibious, 8 rings, camouflage 1, gelatinous body 1,
(nimble swimmer 1), tentacles
a: Renounce Religion


You were on level 1 of the Dungeon.
You worshipped Xom.
You were a favourite toy of Xom.
You visited 1 branch of the dungeon, and saw 1 of its levels.

You collected 52 gold pieces.

Inventory:

Hand Weapons
 a - a +0 short sword of chaos (weapon)
Scrolls
 b - a scroll of butterflies
 c - a scroll of identify {unknown}
Potions
 d - 2 potions of lignification {unknown}


   Skills:
 + Level 3.4 Fighting
 + Level 3.3 Short Blades
 + Level 2.8 Dodging
 + Level 0.2 Stealth


You had 2 spell levels left.
You didn't know any spells.
Your spell library was empty.

Dungeon Overview and Level Annotations

Branches:
Dungeon (1/15)

Altars:


Innate Abilities, Weirdness & Mutations

You cannot wear most types of armour.
You are amphibious.
You can wear up to eight rings at the same time.
Your skin changes colour to match your surroundings (Stealth+).
Your rubbery body absorbs attacks. (AC +1, EV +1)
((You are camouflaged when in or above water. (Stealth+)))
You have tentacles for arms and can constrict up to eight enemies at once.


Message History

You squeeze the jackal.
You kill the jackal!
A jackal comes into view.
You have reached level 3!
Your experience leads to an increase in your attributes!
Increase (S)trength, (I)ntelligence, or (D)exterity?
You feel agile. x2
There are monsters nearby!
There are monsters nearby!
You closely miss the jackal. You grab the jackal.
You constrict the jackal, but do no damage.
The jackal bites you but does no damage.
You hit the jackal but do no damage.
You tentacle-slap the jackal, but do no damage.
You constrict the jackal. The jackal barely misses you. The jackal bites you.
There are monsters nearby!
You hit the jackal.
You lose your grip on the glowing shapeshifter.
The jackal changes into a glowing shapeshifter!
Xom thinks this is hilarious!
You grab the glowing shapeshifter.
The glowing shapeshifter is moderately wounded.
You constrict the glowing shapeshifter, but do no damage.
Xom smiles on you.
You fade into invisibility!
You are now a favourite toy of Xom.
You lose your grip on the lindwurm.
The glowing shapeshifter changes into a lindwurm!
You hit the lindwurm but do no damage. You squeeze the lindwurm!
The lindwurm is lightly wounded.
You hit the lindwurm.
The lindwurm is poisoned.
Your squeeze misses the lindwurm.
The lindwurm is moderately wounded.
You barely miss the lindwurm.
The lindwurm is moderately wounded.
The lindwurm breathes flames at you. The blast of flame hits you!!
Ouch! That really hurt!
You die...
Xom chuckles heartily!

#.##..# #.# .###..#
#.# .###..# #.#
..##..# #.# ......#
#.# ..##..#########
.###..........# . ##
#.########.######...#
# #.# #..†@kShK# #
#.# ########g.?# #
#†# # # #.# # #.# .
.>. #.. ###


You could see a lindwurm shaped shifter (unable to see you, very poisoned,
catching breath), a jackal (unable to see you), a goblin (unable to see you), a
ball python (unable to see you) and a kobold (unable to see you).

Vanquished Creatures
  6 ball pythons (D:1)
  2 endoplasms (D:1)
  2 giant cockroaches (D:1)
  2 goblins (D:1)
  2 hobgoblins (D:1)
  2 jackals (D:1)
  A frilled lizard (D:1)
  3 kobolds (D:1)
  A rat (D:1)
21 creatures vanquished.

Notes
Turn   | Place    | Note
-------+----------+-------------------------------------------
     0 | D:1      | Xavori the Octopode Chaos Knight began the quest for the
                  | Orb.
     0 | D:1      | Reached XP level 1. HP: 16/16 MP: 1/1
    71 | D:1      | Reached XP level 2. HP: 15/21 MP: 2/2
    71 | D:1      | XOM: silly message
   310 | D:1      | Reached XP level 3. HP: 25/26 MP: 3/3
   312 | D:1      | a jackal changed into a glowing shapeshifter
   312 | D:1      | Noticed a glowing shapeshifter (glowing shapeshifter)
   312 | D:1      | XOM: potion effect (invisibility)
   312 | D:1      | a glowing shapeshifter changed into a lindwurm
   312 | D:1      | Noticed a lindwurm (glowing shapeshifter)
   315 | D:1      | Killed from afar by a lindwurm (glowing shapeshifter)

Illustrated notes

Levels and vault maps discovered:
D:1:      reono_arrival_forest_river, layout_loops_ring

Action                     || total
---------------------------++-------
  Melee: Short sword       ||    45
         Constrict         ||     9
         Tentacles         ||     6
         Punch             ||     1
   Stab: Sleeping          ||     2
         Distracted        ||     1
 Armour: Skin              ||    13
  Dodge: Dodged            ||    19

Table legend: (Time is in decaauts)
 A = Elapsed time spent in this place.
 B = Non-inter-level travel time spent in this place.
 C = Inter-level travel time spent in this place.
 D = Time resting spent in this place.
 E = Time spent auto-exploring this place.
 F = Levels seen in this place.
 G = Mean time per level.
                   A        B        C        D        E       F      G
               +--------+--------+--------+--------+--------+-----+--------+
         Total |    307 |    307 |      0 |      0 |    213 |   1 |  307.0 |
       Dungeon |    307 |    307 |      0 |      0 |    213 |   1 |  307.0 |
               +--------+--------+--------+--------+--------+-----+--------+

Top non-repeatable levels by time:
     D:1: 307 daAuts
